 Dungeon Crawl Stone Soup version 0.29.1-12-g30fa7ad0bf (webtiles) character file.

Game seed: 3489531503114474384

51 devnull the Chopper (level 3, -8/29 HPs)
             Began as a Ghoul Gladiator on Dec 30, 2022.
             Mangled by Crazy Yiuf
             ... wielding a +3 quarterstaff of chaos
              (14 damage)
             ... on level 2 of the Dungeon.
             The game lasted 00:03:38 (1428 turns).

devnull the Chopper (Ghoul Gladiator)               Turns: 1428, Time: 00:03:39

Health: -8/29      AC:  6    Str: 19    XL:     3   Next: 81%
Magic:  2/2        EV: 11    Int:  3    God:
Gold:   100        SH:  0    Dex: 10    Spells: 2/2 levels left

rFire   . . .      SeeInvis .   b - +0 hammer (protect)
rCold   + . .      Faith    .   (no shield)
rNeg    + + +      Spirit   .   l - +0 ring mail
rPois   ∞          Reflect  .   c - +0 helmet
rElec   .          Harm     .   (no cloak)
rCorr   .          Rampage  .   (no gloves)
Will    .....                   (no boots)
Stlth   ..........              k - amulet of regeneration
HPRegen 0.00/turn               (no ring)
MPRegen 0.08/turn               (no ring)

@: inhibited regen
A: claws 1, cold resistance 1, negative energy resistance 3, inhibited
regeneration, torment resistance 2, devour on kill
a: no special abilities


You were on level 2 of the Dungeon.
You visited 1 branch of the dungeon, and saw 3 of its levels.

You collected 100 gold pieces.

Inventory:

Hand Weapons
 a - a +0 war axe
 b - a +0 hammer of protection (weapon)
 n - a +0 sling
 r - a +0 hand axe of flaming
Missiles
 d - a throwing net (quivered)
 e - a javelin
Armour
 c - a +0 helmet (worn)
 l - a +0 ring mail (worn)
Jewellery
 k - an amulet of regeneration (around neck)
Wands
 o - a wand of charming (11)
Scrolls
 f - 3 scrolls of teleportation {unknown}
 g - a scroll of vulnerability
 h - 2 scrolls of identify {unknown}
Potions
 i - a potion of cancellation {unknown}
 j - a potion of degeneration {unknown}
 m - a potion of berserk rage {unknown}
 p - 2 potions of curing {unknown}
 q - a potion of lignification {unknown}


   Skills:
 - Level 2.1 Fighting
 + Level 4.2 Axes
 - Level 1.7 Throwing
 - Level 2.6 Dodging


You had 2 spell levels left.
You didn't know any spells.
Your spell library contained the following spells:

 Spells                   Type           Power      Damage    Failure   Level
 Confusing Touch          Hex            0%         N/A       97%         3
 Dazzling Flash           Conj/Hex       0%         N/A       97%         3
 Gell's Gravitas          Tloc           0%         N/A       97%         3
 Lesser Beckoning         Tloc           0%         N/A       97%         3
 Teleport Other           Tloc           0%         N/A       97%         3
 Iskenderun's Mystic Bla  Conj/Tloc      0%         2d3       100%        4
 Yara's Violent Unravell  Hex/Tmut       0%         3d3       100%        5
 Starburst                Conj/Fire      0%         6d3       100%        6
 Enfeeble                 Hex            0%         N/A       100%        7


Dungeon Overview and Level Annotations

Branches:
Dungeon (3/15)

Altars:
Gozag

Annotations:
D:2 Crazy Yiuf


Innate Abilities, Weirdness & Mutations

You are immune to poison.
You have sharp fingernails.
Your flesh is cold resistant. (rC+)
You are immune to negative energy. (rN+++)
You do not regenerate when monsters are visible.
You are immune to unholy pain and torment.
You thrive by killing the living.


Message History

Your weapon exudes an aura of protection.
You kill the frilled lizard!
No target in view!
No target in view!
No target in view!
You pick up a book of Displacement and begin reading...
You add the spells Lesser Beckoning, Gell's Gravitas and Teleport Other to your library.
f - 2 scrolls labelled RAQOFA JAEJE (gained 1)
You now have 100 gold pieces (gained 7).
Found an opulent altar of Gozag.
Found a club.
f - 3 scrolls labelled RAQOFA JAEJE (gained 1) Key pressed, stopping explore.
Crazy Yiuf shouts!
You see here a +0 hammer.
Could not explore, unopened runed door.
Could not explore, unopened runed door.
Could not explore, unopened runed door.
Could not explore, unopened runed door.
Could not explore, unopened runed door.
Could not explore, unopened runed door.
You open the door. You barely miss Crazy Yiuf.
Crazy Yiuf hits you but does no damage.
Crazy Yiuf hits you with a +3 quarterstaff of chaos!
Crazy Yiuf burns you.
Throw: 3 throwing nets
Press: ? - help, Shift-Dir - straight line, f - Crazy Yiuf
Aim: Crazy Yiuf, wielding a +3 quarterstaff of chaos and wearing a +0 cloak (60% to hit)
You throw a throwing net.
The throwing net barely misses Crazy Yiuf.
Crazy Yiuf yells, "Candle noodlescoop cloud!"
Crazy Yiuf hits you with a +3 quarterstaff of chaos!
* * * LOW HITPOINT WARNING * * *
Throw: 2 throwing nets
Press: ? - help, Shift-Dir - straight line, f/p - Crazy Yiuf
Aim: Crazy Yiuf, wielding a +3 quarterstaff of chaos and wearing a +0 cloak (60% to hit)
You throw a throwing net.
The throwing net barely misses Crazy Yiuf.
Crazy Yiuf hits you with a +3 quarterstaff of chaos!
You die...

#....#####.###....#####.#
##.#### #....# #.# ##..##
#..# #..... #....# ###.#
#....# #..# ###....
#....# #...# #)..##
#..###...##. ###### #...#
##.## #......####. #####
#.## ##..).####.. ##)#
#.........# #.##
#....###### ##@# #....#
#g# #....# .). #....#
#.).# #....# #.()# #....#
##### ######


You could see Crazy Yiuf.

Vanquished Creatures
  2 adders
  A worm (D:2)
  A dart slug (D:1)
  2 endoplasms (D:1)
  2 giant cockroaches
  2 goblins
  5 hobgoblins
  2 jackals (D:2)
  2 ball pythons (D:1)
  3 bats (D:1)
  3 frilled lizards
  A kobold (D:1)
  A rat (D:2)
27 creatures vanquished.

Notes
Turn   | Place    | Note
-------+----------+-------------------------------------------
     0 | D:1      | devnull the Ghoul Gladiator began the quest for the Orb.
     0 | D:1      | Reached XP level 1. HP: 17/17 MP: 0/0
   170 | D:1      | Reached skill level 3 in Axes
   203 | D:1      | Reached XP level 2. HP: 24/24 MP: 1/1
   418 | D:1      | Found a faded altar of an unknown god.
   912 | D:2      | Reached XP level 3. HP: 26/29 MP: 2/2
   933 | D:2      | Found a runed translucent door.
   934 | D:2      | Noticed Crazy Yiuf
  1060 | D:2      | Reached skill level 4 in Axes
  1220 | D:2      | You fall into a shaft and drop 1 floor!
  1318 | D:2      | Found an opulent altar of Gozag.
  1428 | D:2      | Mangled by Crazy Yiuf

Illustrated notes

Levels and vault maps discovered:
D:1:      dpeg_arrival_simpleton_b, layout_basic, ebering_ecumenical_altar_box
D:2:      layout_rooms, basic_altar, uniq_crazy_yiuf_cottage
D:3:      layout_loops_ring

Skill      XL: |  1  2  3 |
---------------+----------+-----
Axes           | 3 4 |  4.2
Fighting       | |  2.1
Throwing       | |  1.7
Dodging        | |  2.6

Action                   || total
-------------------------++-------
Melee: War axe           ||    70
       Mace              ||    35
       Punch             ||     1
Throw: Throwing net      ||     2
  Use: Scroll            ||     1
Armor: Leather armour    ||    18
       Ring mail         ||    32
Dodge: Dodged            ||    82
